 Dungeon Crawl Stone Soup version 0.22-a0-877-g5c4e1af (webtiles) character file.

69 prawnwizard the Skirmisher (level 4, -1/35 HPs)
             Began as a Demonspawn Fighter on July 29, 2018.
             Slain by Sigmund
             ... wielding a +0 scythe
              (9 damage)
             ... on level 2 of the Dungeon.
             The game lasted 00:03:26 (992 turns).

prawnwizard the Skirmisher (Demonspawn Fighter)      Turns: 992, Time: 00:03:26

Health: -1/35      AC:  6    Str: 18    XL:     4   Next: 2%
Magic:  4/4        EV: 13    Int:  9    God:
Gold:   32         SH:  0    Dex: 12    Spells: 3/3 levels left

rFire    . . .     SeeInvis .   a - +0 long sword
rCold    . . .     Gourm    .   (no shield)
rNeg     . . .     Faith    .   b - +0 scale mail
rPois    .         Spirit   .   (no helmet)
rElec    .         Reflect  .   (no cloak)
rCorr    .         Harm     .   (no gloves)
MR       .....                  (no boots)
Stlth    ..........             l - amulet of regeneration
HPRegen  0.51/turn              (no ring)
MPRegen  0.09/turn              (no ring)

@: no status effects
A: claws 1, repulsion field 2
a: no special abilities


You were on level 2 of the Dungeon.
You were not hungry.

You visited 1 branch of the dungeon, and saw 2 of its levels.

You collected 32 gold pieces.

Inventory:

Hand Weapons
 a - a +0 long sword (weapon)
Armour
 b - a +0 scale mail (worn)
Jewellery
 j - an uncursed amulet of guardian spirit
 l - an amulet of regeneration (around neck)
Scrolls
 g - a scroll of remove curse {unknown}
 i - a scroll of teleportation {unknown}
 k - a scroll of identify {unknown}
 m - a scroll of fear {unknown}
Potions
 d - 2 potions of might
 e - a potion of curing {unknown}
 h - 2 potions of magic {unknown}
 n - a potion of invisibility {unknown}
Comestibles
 c - 4 chunks of flesh
 f - 4 rations


   Skills:
 + Level 3.5 Fighting
 * Level 3.1 Long Blades
 - Level 2.6 Armour
 + Level 1.4 Dodging
   Level 2.6 Shields


You had 3 spell levels left.
You didn't know any spells.
Your spell library was empty.

Dungeon Overview and Level Annotations

Branches:
Dungeon (2/15)

Altars:
Ashenzari
Yredelemnul

Annotations:
D:2 Sigmund


Innate Abilities, Weirdness & Mutations

You have sharp fingernails.
You are surrounded by a moderate repulsion field. (EV +3)


Message History

No target in view!
No target in view!
No target in view!
No target in view!
Something hits you but does no damage.
You miss something. You miss something. Something hits you!
No target in view!
You hit something but do no damage.
You hear some strange, mumbled words.
A magic dart appears from out of thin air!
The magic dart hits you!
You slash something! Something hits you.
You closely miss something. Something hits you!
You closely miss something. Something hits you!
* * * LOW HITPOINT WARNING * * *
You closely miss something. Something hits you but does no damage.
You miss something. You barely miss something. Something hits you!
You die...

#............#
#######.P.P..# #..._..##
##########..P(P.#
...####.............).##
..................(.)...
....##.##.##########.##
. #.##.# #.## #@##.#
#.## #{##+# #.## ...
#+## #.... # #.....
##..... #.##+## #..


There were no monsters in sight!

Vanquished Creatures
  3 oozes (D:1)
  3 dart slugs
  8 bats
  A giant cockroach (D:1)
  3 goblins (D:1)
  3 hobgoblins
  11 jackals
  5 kobolds
  A ball python (D:1)
  A frilled lizard (D:2)
  6 rats
  A toadstool (D:1)
46 creatures vanquished.

Vanquished Creatures (others)
  3 toadstools (D:1)
3 creatures vanquished.

Grand Total: 49 creatures vanquished

Notes
Turn   | Place    | Note
-------+----------+-------------------------------------------
     0 | D:1      | prawnwizard the Demonspawn Fighter began the quest for the Orb.
     0 | D:1      | Reached XP level 1. HP: 18/18 MP: 1/1
    79 | D:1      | Found a shattered altar of Ashenzari.
    88 | D:1      | Gained mutation: You are surrounded by a mild repulsion field. (EV +2) [demonic ancestry]
    88 | D:1      | Reached XP level 2. HP: 19/24 MP: 2/2
   340 | D:1      | Reached skill level 1 in Dodging
   340 | D:1      | Gained mutation: You are surrounded by a moderate repulsion field. (EV +3) [demonic ancestry]
   340 | D:1      | Reached XP level 3. HP: 23/29 MP: 3/3
   868 | D:2      | Found a basalt altar of Yredelemnul.
   876 | D:2      | Gained mutation: You have sharp fingernails. [demonic ancestry]
   876 | D:2      | Reached XP level 4. HP: 35/35 MP: 4/4
   979 | D:2      | Noticed Sigmund
   992 | D:2      | Slain by Sigmund

Vault maps used:
D:1:      ldierk_water_garden, nicolae_ashenzari_panopticon
D:2:      nicolae_overflow_hidden_temple, yredelemnul_altar_generic,
          first_ration, uniq_sigmund, uniq_robin

Skill      XL: |  1  2  3 |
---------------+----------+-----
Long Blades    | 2 3 |  3.1
Dodging        | 1 |  1.4
Fighting       | |  3.5
Armour         | |  2.6
Shields        | |  2.6

Action                   |  1- 3 |  4- 6 || total
-------------------------+-------+-------++-------
Melee: Long sword        |   112 |    11 ||   123
  Eat: Chunk             |       |     1 ||     1
Armor: Scale mail        |    67 |     2 ||    69
Dodge: Dodged            |   102 |     1 ||   103
Block: Shield            |    34 |       ||    34
       Rpst.: Long sword |    39 |       ||    39

Table legend:
 A = Spawn XP
 B = Non-spawn XP
 C = Spawn XP percentage of total XP
 D = Spawn monster count
 E = Non-spawn monster count
 F = Spawn count percentage of total count
 G = Total turns spent on level
                    A         B        C        D         E        F      G
               +---------+---------+-------+---------+---------+-------+---------
         Total |       0 |      99 |   0.0 |       0 |      45 |   0.0 |   992
               +---------+---------+-------+---------+---------+-------+---------
           D:1 |       0 |      76 |   0.0 |       0 |      33 |   0.0 |   775
           D:2 |       0 |      23 |   0.0 |       0 |      12 |   0.0 |   217
               +---------+---------+-------+---------+---------+-------+---------
